 Dungeon Crawl Stone Soup version 0.31-a0-83-gbff143cfd1 (webtiles) character file.

Game seed: 5687479772509329700

107 senseless the Conjurer (level 4, 0/27 HPs)
             Began as an Octopode Conjurer on May 24, 2023.
             Slain by a worm (10 damage)
             ... on level 3 of the Dungeon.
             The game lasted 00:04:34 (2021 turns).

senseless the Conjurer (Octopode Conjurer)          Turns: 2021, Time: 00:04:34

Health: 0/27       AC:  1    Str:  6    XL:     4   Next: 85%
Magic:  4/8        EV: 13    Int: 22    God:
Gold:   104        SH:  5    Dex: 10    Spells: 5/8 levels left

rFire   . . .        c - +1 hand axe (flame)
rCold   + . .        (no shield)
rNeg    . . .        (helmet restricted)
rPois   .            p - amulet of reflection
rElec   .            n - ring of protection from cold
rCorr   .            (no ring)
SInv    .            (no ring)
Will    .....        (no ring)
Stlth   +++          (no ring)
HPRegen 0.24/turn    (no ring)
MPRegen 0.11/turn    (no ring)
                     (no ring)

%: reflection
@: no status effects
A: almost no armour, amphibious, 8 rings, camouflage 1, gelatinous body 1,
(nimble swimmer 1), tentacles
a: no special abilities


You were on level 3 of the Dungeon.
You visited 1 branch of the dungeon, and saw 3 of its levels.

You collected 104 gold pieces.

Inventory:

Hand Weapons
 c - a +1 hand axe of flaming (weapon)
Jewellery
 n - a ring of protection from cold (left tentacle)
 p - an amulet of reflection (around mantle)
Scrolls
 h - 3 scrolls of teleportation
Potions
 a - a potion of magic
 b - a potion of heal wounds {unknown}
 f - a potion of attraction {unknown}
 i - a potion of resistance {unknown}
 k - a potion of lignification {unknown}
 l - 2 potions of curing {unknown}
 m - a potion of enlightenment {unknown}
 o - 2 potions of haste


   Skills:
 + Level 2.9 Dodging
 + Level 4.1 Stealth
 + Level 2.8 Spellcasting
 + Level 4.5 Conjurations


You had 5 spell levels left.
You knew the following spells:

 Your Spells              Type           Power      Damage    Failure   Level
a - Magic Dart            Conj           92%        1d7       1%          1
b - Searing Ray           Conj           46%        2d6       3%          2

Your spell library contained the following spells:

 Spells                   Type           Power      Damage    Failure   Level
 Dazzling Flash           Conj/Hex       22%        N/A       17%         3
 Gell's Gravitas          Tloc           3%         N/A       36%         3
 Teleport Other           Tloc           3%         N/A       36%         3
 Fulminant Prism          Conj/Hex       5%         3d7       50%         4
 Iskenderun's Mystic Bla  Conj/Tloc      11%        2d4       50%         4
 Dispersal                Tloc           1%         N/A       100%        6


Dungeon Overview and Level Annotations

Branches:
Dungeon (3/15)

Altars:


Innate Abilities, Weirdness & Mutations

You cannot wear most types of armour.
You are amphibious.
You can wear up to eight rings at the same time.
Your skin changes colour to match your surroundings (Stealth+).
Your rubbery body absorbs attacks. (AC +1, EV +1)
((You are camouflaged when in or above water. (Stealth+)))
You have tentacles for arms and can constrict up to eight enemies at once.


Message History

The jackal is severely wounded.
The adder hisses angrily.
The magic dart hits the jackal.
You kill the jackal!
The magic dart hits the adder.
The adder is moderately wounded.
You miscast Magic Dart.
You are very lightly contaminated with residual magic.
Nothing appears to happen.
The magic dart hits the adder.
The adder is heavily wounded.
The adder misses you.
The magic dart hits the adder.
You kill the adder!
The magic dart hits the worm.
The worm is moderately wounded.
Your magical contamination has completely faded away.
You see here a bat corpse.
You start resting.
A worm is nearby!
A worm is nearby!
You hit the worm. You burn the worm. Your grab misses the worm.
The worm is moderately wounded.
You block the worm's attack.
You barely miss the worm. Your grab misses the worm.
The worm is moderately wounded.
The worm bites you!
You hit the worm. You burn the worm. You grab the worm.
You squeeze the worm, but do no damage.
The worm is moderately wounded.
You constrict the worm, but do no damage.
The worm bites you!
You are too injured to fight recklessly!
You hit the worm. You burn the worm.
The worm is moderately wounded.
You constrict the worm. You slash the worm! You burn the worm.
You squeeze the worm, but do no damage.
The worm is almost dead.
You constrict the worm. The worm bites you!
You die...

.†)....# #...##.
###.#... .......
###.#..# .......
....#..# ...........
##..#..#### .........#
#..#..... .†.......
#..#..#####
###.......#
##..........
#......#.###
......######
#.#@###......# .#.####
######>#w###†.....##
.#.#
#..........#w...)...
.#.#
#.####.#.#.#......#.
.#.# #.#
#.#.#.#........
.#.######.##
#.#.#.#†######.
.#......)..###.....#.#
.########.......#..#.#
#.####.....w.#


You could see a worm.

Vanquished Creatures
  An orc wizard (D:3)
  Robin (D:3)
  An adder (D:3)
  4 orcs
  5 ball pythons
  2 bats
  2 endoplasms
  3 giant cockroaches
  2 hobgoblins
  9 jackals
  2 quokkas
  A frilled lizard (D:2)
  12 goblins
  3 kobolds (D:1)
  7 rats
55 creatures vanquished.

Notes
Turn   | Place    | Note
-------+----------+-------------------------------------------
     0 | D:1      | senseless the Octopode Conjurer began the quest for the
                  | Orb.
     0 | D:1      | Reached XP level 1. HP: 11/11 MP: 3/3
   311 | D:1      | Reached XP level 2. HP: 15/17 MP: 0/5
   919 | D:1      | Reached XP level 3. HP: 17/21 MP: 1/6
  1015 | D:1      | Learned a level 2 spell: Searing Ray
  1016 | D:2      | Found a faded altar of an unknown god.
  1639 | D:3      | Reached XP level 4. HP: 8/27 MP: 7/7
  1786 | D:3      | Noticed Robin
  1793 | D:3      | Killed Robin
  2021 | D:3      | Slain by a worm

Illustrated notes

Levels and vault maps discovered:
D:1:      onia_arrival_pyramid, layout_loops_cross, skrybe_limestone_x
D:2:      layout_loops_ring, nicolae_ecumenical_oubliette, minivault_11,
          minmay_distorted
D:3:      layout_loops_ring, uniq_robin

Skill      XL: |  1  2  3  4 |
---------------+-------------+-----
Stealth        | 3 4 |  4.1
Dodging        | |  2.9
Spellcasting   | |  2.8
Conjurations   | |  4.5

Action                     |  1- 3 |  4- 6 || total
---------------------------+-------+-------++-------
  Melee: Hand axe          |    34 |    16 ||    50
         Tentacles         |     9 |     4 ||    13
         Constrict         |     8 |     4 ||    12
   Cast: Magic Dart        |    37 |    30 ||    67
    Use: Scroll            |     5 |       ||     5
 Armour: Skin              |     2 |     1 ||     3
  Dodge: Dodged            |    24 |    18 ||    42
  Block: Other             |     4 |     7 ||    11
         Reflection        |       |     1 ||     1

Table legend: (Time is in decaauts)
 A = Elapsed time spent in this place.
 B = Non-inter-level travel time spent in this place.
 C = Inter-level travel time spent in this place.
 D = Time resting spent in this place.
 E = Time spent auto-exploring this place.
 F = Levels seen in this place.
 G = Mean time per level.
                   A        B        C        D        E       F      G
               +--------+--------+--------+--------+--------+-----+--------+
         Total |   2034 |   1942 |     92 |     83 |   1575 |   3 |  678.0 |
       Dungeon |   2034 |   1942 |     92 |     83 |   1575 |   3 |  678.0 |
               +--------+--------+--------+--------+--------+-----+--------+

Top non-repeatable levels by time:
     D:1: 1022 daAuts
     D:2: 702 daAuts
     D:3: 310 daAuts
